 Dungeon Crawl Stone Soup version 0.26.1-11-gd32895ea62 (webtiles) character file.

Game seed: 7916002782363054094

198 dtburroughs the Skirmisher (level 5, -2/47 HPs)
             Began as a Minotaur Berserker on July 16, 2021.
             Was a Believer of Trog.
             Killed from afar by an orc (9 damage)
             ... with an iceblast
             ... on level 3 of the Dungeon.
             The game lasted 00:04:45 (2432 turns).

dtburroughs the Skirmisher (Minotaur Berserker)     Turns: 2432, Time: 00:04:46

Health: -2/47      AC:  8    Str: 21    XL:     5   Next: 47%
Magic:  4/4        EV: 11    Int:  5    God:    Trog [**....]
Gold:   135        SH:  0    Dex: 10    Spells: 4/4 levels left

rFire    . . .     SeeInvis .   j - +0 battleaxe
rCold    . . .     Faith    .   (shield currently unavailable)
rNeg     . . .     Spirit   .   k - +0 scale mail
rPois    .         Reflect  .   (helmet restricted)
rElec    .         Harm     .   g - +0 cloak
rCorr    .         Rampage  .   (no gloves)
Will     ++...                  (no boots)
Stlth    ..........             (no amulet)
HPRegen  1.15/turn              (no ring)
MPRegen  0.09/turn              (no ring)

@: lethally poisoned (-2 -> -3), regenerating
A: retaliatory headbutt, horns 2
a: Renounce Religion, Berserk, Trog's Hand


You were on level 3 of the Dungeon.
You worshipped Trog.
Trog was pleased with you.
You visited 1 branch of the dungeon, and saw 3 of its levels.

You collected 135 gold pieces.

Inventory:

Hand Weapons
 a - a +0 hand axe
 j - a +0 battleaxe (weapon)
Armour
 g - a +0 cloak (worn)
 k - a +0 scale mail (worn)
Jewellery
 l - an uncursed ring of fire {unknown}
Scrolls
 e - 2 scrolls of teleportation {unknown}
 f - 2 scrolls of identify {unknown}
 h - 3 scrolls of remove curse {unknown}
Potions
 c - 2 potions of magic {unknown}
 d - 2 potions of flight {unknown}
 i - 2 potions of degeneration {unknown}
 m - 2 potions of curing {unknown}


   Skills:
 + Level 4.9 Fighting
 + Level 4.8 Axes
 + Level 4.0 Armour
 + Level 3.6 Dodging


You had 4 spell levels left.
You didn't know any spells.
Your spell library was empty.

Dungeon Overview and Level Annotations

Branches:
Dungeon (3/15)

Altars:


Innate Abilities, Weirdness & Mutations

You reflexively headbutt those who attack you in melee.
You have a pair of horns on your head.


Message History

You kill the hobgoblin!
Trog accepts your kill.
A bat comes into view.
The orc zaps a wand.
The mass of ice explodes!
The iceblast engulfs you!
* * * LOW HITPOINT WARNING * * *
You see here a hobgoblin corpse.
* * * LOW HITPOINT WARNING * * *
You feel sick. The bat hits you but does no damage.
Your skin crawls.
You feel strong-willed. The bat completely misses you. The bat misses you.
You feel sick. The bat barely misses you. The bat hits you but does no damage.
The bat misses you. You furiously retaliate!
You headbutt the bat!
You kill the bat!
Trog accepts your kill.
The orc zaps a wand.
The mass of ice explodes!
The iceblast engulfs you!
You die...

#................#
#.########.#######
#.# #.# #.# #.# #.#
#+## #### #.#
##...###... ##.#
##.....##.#. ##..#
##.......#.#.
##..@####..........#.
#.......'............
##..†####†...........
##..# ##.......####
##.# ##.....##
##.#######...##
#..o..o....†##
#.......######†.#
#...#...# #..#


You could see an orc.

Vanquished Creatures
  A hound (D:3)
  An orc wizard (D:3)
  Terence (D:2)
  5 adders
  An ooze (D:3)
  2 worms
  3 dart slugs
  A leopard gecko (D:1)
  5 orcs (D:3)
  2 giant cockroaches (D:1)
  7 goblins
  5 hobgoblins
  2 jackals (D:1)
  7 bats
  3 frilled lizards
  5 kobolds
  8 rats
59 creatures vanquished.

Notes
Turn   | Place    | Note
-------+----------+-------------------------------------------
     0 | D:1      | dtburroughs the Minotaur Berserker began the quest for the
                  | Orb.
     0 | D:1      | Reached XP level 1. HP: 19/19 MP: 0/0
   198 | D:1      | Reached XP level 2. HP: 22/27 MP: 1/1
  1256 | D:2      | Reached XP level 3. HP: 29/33 MP: 2/2
  1708 | D:2      | Reached ** piety under Trog
  1949 | D:2      | Noticed Terence
  1952 | D:2      | Killed Terence
  1953 | D:2      | Reached XP level 4. HP: 41/41 MP: 3/3
  1997 | D:2      | Found a faded altar of an unknown god.
  2258 | D:3      | Reached XP level 5. HP: 47/47 MP: 4/4
  2424 | D:3      | HP: 1/47 [orc/iceblast (15)]
  2432 | D:3      | Killed from afar by an orc

Illustrated notes

Levels and vault maps discovered:
D:1:      dpeg_arrival_boxorama, layout_loops_corners
D:2:      layout_loops_ring, chequers_ecumenical_altar_simple, uniq_terence
D:3:      layout_loops_corners

Skill      XL: |  1  2  3  4  5 |
---------------+----------------+-----
Axes           | 4 |  4.8
Fighting       | 4 |  4.9
Armour         | 3 4 |  4.0
Dodging        | 3 |  3.6

Action                   |  1- 3 |  4- 6 || total
-------------------------+-------+-------++-------
Melee: Hand axe          |    34 |       ||    34
       Headbutt          |    13 |     1 ||    14
       Battleaxe         |    38 |    34 ||    72
Invok: Trog's Hand       |     1 |     1 ||     2
Armor: Animal skin       |    11 |       ||    11
       Scale mail        |       |    17 ||    17
Dodge: Dodged            |    55 |    32 ||    87
